 Dungeon Crawl Stone Soup version bcrawl-1.28.1b (webtiles) character file.

Game seed: 1861469503235242764

168920 LostNumber the Insei (level 4, -4/28 HPs)
             Began as a Vine Stalker Martial Artist on Dec 6, 2020.
             Was a Believer of Wu Jian.
             Slain by Grinder (8 damage)
             ... while paralysed by Grinder
             ... on level 3 of the Dungeon.
             The game lasted 00:01:35 (1367 turns).

LostNumber the Insei (Vine Stalker Martial Artist)  Turns: 1367, Time: 00:01:36

Health: -4/28      AC:  2    Str: 16    XL:     4   Next: 72%
Magic:  6/7        EV:  2    Int:  9    God:    Wu Jian [**....]
Gold:   58         SH:  0    Dex: 21    Spells: 5/6 levels left

rFire    . . .     SeeInvis .     - Fists (9.3)
rCold    . . .     Gourm    .   (no shield)
rNeg     . . .     Faith    .   a - +0 robe
rPois    .         Spirit   .   (no helmet)
rElec    .         Reflect  .   (no cloak)
rCorr    .         Harm     .   (no gloves)
MR       .....                  (no boots)
Stlth    ++........             (no amulet)
HPRegen  0.49/turn              (no ring)
MPRegen  0.10/turn              (no ring)

@: paralysed, agile, confusing touch, very slightly contaminated, hasted,
glowing
A: fangs 2, regeneration 1, no potion heal 3, rot immunity, strong jaws
a: Wall Jump, Serpent's Lash, Renounce Religion


You were on level 3 of the Dungeon.
You worshipped Wu Jian.
Wu Jian was pleased with you.
You were hungry.

You visited 1 branch of the dungeon, and saw 3 of its levels.

You collected 58 gold pieces.

Inventory:

Armour
 a - a +0 robe (worn)
 i - a +0 cloak
   (You found it on level 3 of the Dungeon)
Scrolls
 d - a scroll of immolation {unknown}
 g - a scroll of fear {unknown}
 h - 2 scrolls of identify {@r1}
Comestibles
 c - a chunk of flesh
 e - 3 rations {!d!d}


   Skills:
 + Level 3.0 Fighting
 + Level 3.7 Dodging
 - Level 1.5 Stealth
 * Level 4.6 Unarmed Combat
 + Level 1.7 Spellcasting
 * Level 2.4 Hexes


You had 5 spell levels left.
You knew the following spells:

 Your Spells              Type           Power        Failure   Level  Hunger
a - Confusing Touch       Hex            #.......     12%         1    None
Your spell library was empty.

Dungeon Overview and Level Annotations

Branches:
Dungeon (3/12)

Altars:
Elyvilon
Gozag
Trog
Wu Jian

Annotations:
D:3 Grinder


Innate Abilities, Weirdness & Mutations

You have extremely sharp teeth.
Your natural rate of healing is unusually fast.
Potions cannot restore your health.
You are immune to rotting.
Your bites deal extra damage.


Message History

Your hands stop glowing.
Grinder hits you. Grinder hits you!
* * * LOW HITPOINT WARNING * * *
You writhe in agony.
* * * LOW HITPOINT WARNING * * *
You can move again.
You feel agile all of a sudden. Grinder misses you.
It was a potion of haste.
You feel yourself speed up. Grinder barely misses you.
Unknown command.
You hit Grinder.
You are feeling hungry.
You hit Grinder. Grinder barely misses you.
You hit Grinder.
Grinder blinks!
You miscast Confusing Touch.
You are very lightly contaminated with residual magic.
Nothing appears to happen.
Your hands begin to glow red.
Grinder misses you.
Unknown command.
You hit Grinder but do no damage. Grinder completely misses you.
You barely miss Grinder. You completely miss Grinder. You bite Grinder.
Grinder misses you.
You hit Grinder. You closely miss Grinder. Your bite misses Grinder.
Grinder gestures at you.
You suddenly lose the ability to move!
Grinder gestures at you. You resist with significant effort. Grinder hits you!
* * * LOW HITPOINT WARNING * * *
You writhe in agony.
* * * LOW HITPOINT WARNING * * *
You can move again.
You hit Grinder. You completely miss Grinder. Grinder barely misses you.
You hit Grinder.
Grinder blinks!
Grinder gestures at you.
You shrug off the repeated paralysis!
You see here a +0 club.
Unknown command.
You closely miss Grinder. Grinder closely misses you.
You closely miss Grinder. You barely miss Grinder. Your bite misses Grinder.
Grinder says, "Mostly I couldn't keep them alive."
Grinder gestures at you.
You suddenly lose the ability to move!
Grinder hits you!
You die...

.## #........# ..#
#........# ## P.#
#........######$..
..#
#.................
.##
##....?...........
รท# #>####...........
.## #####.#
#...).......
..###(..#.#
#...........
_.....P...#
#.5@.....%..
..###...#.#
#........... .##
#####.####........###
.# #....)...###.#...
.# ########## .....
.. .... P ... .


You could see Grinder.

Vanquished Creatures
  A howler monkey (D:2)
  2 adders
  An ooze (D:2)
  3 dart slugs
  A leopard gecko (D:1)
  A giant cockroach (D:1)
  4 goblins (D:1)
  8 hobgoblins
  3 jackals (D:3)
  A quokka (D:2)
  A bat (D:1)
  A frilled lizard (D:2)
  3 kobolds (D:2)
  4 rats
34 creatures vanquished.

Notes
Turn   | Place    | Note
-------+----------+-------------------------------------------
     0 | D:1      | LostNumber the Vine Stalker Martial Artist began the quest
                  | for the Orb.
     0 | D:1      | Reached XP level 1. HP: 13/13 MP: 3/3
    80 | D:1      | Reached XP level 2. HP: 18/18 MP: 4/4
   691 | D:2      | Found a bloodstained altar of Trog.
   715 | D:2      | Reached XP level 3. HP: 22/22 MP: 6/6
   726 | D:2      | Found a faded altar of an unknown god.
   866 | D:2      | Reached XP level 4. HP: 19/28 MP: 7/7
   979 | D:2      | Found an ornate altar of the Wu Jian Council.
  1019 | D:2      | Found an opulent altar of Gozag.
  1273 | D:3      | Found a white marble altar of Elyvilon.
  1282 | D:3      | Reached ** piety under Wu Jian
  1322 | D:3      | Noticed Grinder
  1340 | D:3      | Paralysed by Grinder for 2 turns
  1356 | D:3      | Paralysed by Grinder for 2 turns
  1358 | D:3      | HP: 1/28 [Grinder (1)]
  1366 | D:3      | Paralysed by Grinder for 4 turns
  1367 | D:3      | Slain by Grinder

Skill      XL: |  1  2  3 |
---------------+----------+-----
Hexes          | 2 |  2.4
Fighting       | 3 |  3.0
Dodging        | |  3.7
Stealth        | |  1.5
Unarmed Combat | |  4.6
Spellcasting   | |  1.7

Action                   |  1- 3 |  4- 6 || total
-------------------------+-------+-------++-------
Melee: Unarmed           |    59 |    48 ||   107
       Bite              |     6 |     6 ||    12
 Cast: Confusing Touch   |     1 |     3 ||     4
Invok: Lunge             |     4 |     5 ||     9
       Whirlwind         |       |     1 ||     1
  Use: Potion            |       |     2 ||     2
 Stab: Sleeping          |     2 |     2 ||     4
       Confused          |       |     1 ||     1
  Eat: Chunk             |     1 |     2 ||     3
Dodge: Dodged            |    28 |    23 ||    51
